AoeStats
← El Cardo

Arabia

506427193Analyzed
2v2 RM · 18d ago on Sep 13, 2026· 38m 56s· 4 players
Game mode
Random Map
Map size
Medium (4 player)
Population
200
Speed
Normal
Resources
Standard
Victory
Conquest
Starting age
Dark Age
Ending age
Imperial Age
RankedLock teamsTeams togetherTeam positionsShared explorationLock speedFull tech treeHidden civsTurbo modeCheats
Victory
Defeat
🇦🇷 Hindustanis · Argentina
1027
+16
🇦🇷 Vietnamese · Argentina
1023
+16
🇨🇦 Vietnamese · Canada
1020
-16
🇨🇦 Inca · Canada
1018
-16
Painkiller
9:35 Feudal Age
7:50 Loom
11:34 Double-Bit Axe
14:03 Fletching
17:41 Padded Archer Armor
25:00 Castle Age
25:01 Crossbowman
25:01 Elite Skirmisher
25:39 Bodkin Arrow
25:56 Gold Mining
25:56 Stone Mining
26:40 Horse Collar
27:20 Bow Saw
luckyjj
10:14 Feudal Age
9:41 Loom
11:11 Double-Bit Axe
12:29 Champi Runner
14:53 Horse Collar
15:52 Scale Mail Armor
16:32 Arson
18:46 Forging
20:48 Wheelbarrow
24:49 Castle Age
22:47 Fletching
23:20 Gold Mining
23:21 Stone Mining
25:12 Champi Warrior
25:54 Squires
26:10 Chain Mail Armor
26:32 Iron Casting
27:09 Hand Cart
26:40 Town Watch
29:19 Heavy Plow
29:56 Bow Saw
emidz
3:00 Loom
9:50 Feudal Age
10:26 Double-Bit Axe
13:22 Town Watch
25:48 Castle Age
33:22 Stone Mining
36:21 Gold Mining
38:08 Fletching
38:58 Wheelbarrow
38:48 Bodkin Arrow
39:24 Padded Archer Armor
El Cardo
5:03 Loom
9:22 Feudal Age
10:01 Double-Bit Axe
11:03 Horse Collar
21:13 Castle Age
20:30 Scale Barding Armor
21:11 Bloodlines
21:18 Forging
21:04 Gold Mining
21:57 Husbandry
23:24 Wheelbarrow
22:34 Town Watch
22:54 Stone Mining
24:25 Iron Casting
23:59 Squires
24:49 Scale Mail Armor
24:39 Arson
25:10 Heavy Plow
26:24 Chain Mail Armor
27:51 Bow Saw
34:59 Gold Shaft Mining
39:10 Imperial Age
39:20 Grand Trunk Road
Connection lost

Rejoining the realm…

Still unreachable

The connection could not be restored.

Session expired

The server has moved on; the page needs a fresh start.